 Dungeon Crawl Stone Soup version 0.29.0-7-g18a832c13a (webtiles) character file.

Game seed: 18235074530049834805

129 anonymouscript the Magician (level 5, -1/37 HPs)
             Began as a Djinni Fire Elementalist on Aug 31, 2022.
             Was a Believer of Fedhas.
             Slain by a gnoll
             ... wielding a +2 spear of venom
              (7 damage)
             ... on level 3 of the Dungeon.
             The game lasted 00:05:39 (2832 turns).

anonymouscript the Magician (DjFE)                  Turns: 2832, Time: 00:05:39

Health: -1/37      AC:  3    Str: 13    XL:     5   Next: 35%
Gold:   114        EV: 12    Int: 19    God:    Fedhas [**....] SH:  0 Dex: 13

rFire   + + .      SeeInvis .   (no weapon)
rCold   x . .      Faith    .   (no shield)
rNeg    . . .      Spirit   .   a - +0 robe
rPois   ∞          Reflect  .   f - +0 helmet
rElec   .          Harm     .   (no cloak)
rCorr   .          Rampage  .   (no gloves)
Will    +....                   (boots unavailable)
Stlth   ++........              l - amulet of the acrobat
HPRegen 0.12/turn               j - ring of willpower
MPRegen 0.00/turn               g - +6 ring of strength

@: brilliant, flying
A: sickness immunity, fire resistance 2, cold vulnerability 1, float, innate
caster, HP casting, extra vitality 1
a: Renounce Religion, Wall of Briars


You were on level 3 of the Dungeon.
You worshipped Fedhas.
Fedhas was pleased with you.
You visited 1 branch of the dungeon, and saw 3 of its levels.

You collected 114 gold pieces.

Inventory:

Missiles
 h - 13 boomerangs
Armour
 a - a +0 robe (worn)
 f - a +0 helmet (worn)
Jewellery
 g - a +6 ring of strength (right hand)
 j - a ring of willpower (left hand)
 l - an amulet of the acrobat (around neck)
Scrolls
 c - a scroll of fear {unknown}
 e - 2 scrolls of teleportation {unknown}
 i - 3 scrolls of immolation {unknown}
 k - a scroll of silence {unknown}
Potions
 b - 2 potions of brilliance
 d - 2 potions of heal wounds {unknown}
 m - a potion of resistance {unknown}


   Skills:
 * Level 1.2 Fighting
 + Level 2.7 Dodging
 + Level 2.2 Stealth
 + Level 3.8 Spellcasting


You couldn't memorise any spells.
You knew the following spells:

 Your Spells              Type           Power      Damage    Failure   Level
a - Foxfire               Conj/Fire      100%       2x1d9     3%          1
b - Scorch                Fire           54%        2d8       4%          2
c - Conjure Flame         Conj/Fire      27%        6-21      9%          3
d - Inner Flame           Hex/Fire       27%        N/A       9%          3
e - Flame Wave            Conj/Fire      27%        2d9       28%         4
f - Freeze                Ice            100%       1d11      3%          1
g - Call Imp              Summ           27%        N/A       4%          2
Your spell library was empty.

Dungeon Overview and Level Annotations

Branches:
Dungeon (3/15)

Altars:
Fedhas
Okawaru

Shops:
D:1 =

Annotations:
D:3 1 transporter, SensoryNuts's ghost, amateur DsFi


Innate Abilities, Weirdness & Mutations

You are immune to sickness and miasma.
You are immune to poison.
Your flesh is very heat resistant. (rF++)
You are vulnerable to cold. (rC-)
You float through the air rather than walking.
You learn spells naturally, not from books.
Your magical power is your life essence.
You have superior vitality. (+4 MHP)


Message History

The foxfire hits the gnoll.
The gnoll is heavily wounded.
The foxfire hits the gnoll.
The gnoll is lightly wounded.
The gnoll hits you from afar with a +2 spear of venom.
The gnoll misses you. The gnoll closely misses you.
Casting: Foxfire (safe; 3% risk of failure)
Press: ? - help, Q - select action, (/) - cycle Dir - look around, f - activate You conjure some foxfire!
The gnoll hits you from afar with a +2 spear of venom!
The gnoll misses you. x2
Casting: Foxfire (safe; 3% risk of failure)
Confirm with . or Enter, or press ? or * to list all spells.
Flames lash the gnoll.
You kill the gnoll!
Fedhas appreciates your contribution to the ecosystem.
The foxfire hits the gnoll.
The gnoll is almost dead.
The foxfire hits the gnoll.
You kill the gnoll!
Fedhas appreciates your contribution to the ecosystem.
The gnoll misses you. The gnoll barely misses you.
You hit the gnoll.
The gnoll is moderately wounded.
The gnoll hits you but does no damage.
The gnoll hits you from afar with a +2 spear of venom!
* * * LOW HITPOINT WARNING * * *
The gnoll barely misses you.
You completely miss the gnoll.
The gnoll is moderately wounded.
The gnoll closely misses you.
The gnoll hits you from afar with a +2 spear of venom.
* * * LOW HITPOINT WARNING * * *
The gnoll misses you.
It was a potion of brilliance.
You feel clever all of a sudden. The gnoll barely misses you. x2
The gnoll hits you from afar with a +2 spear of venom!
You die...
Fedhas appreciates your contribution to the ecosystem.

#.≈≈≈≈≈≈≈≈~≈≈≈≈≈≈≈≈..#
#..≈≈≈≈≈≈≈≈~≈≈≈≈≈≈≈≈..#
#..≈≈####.....####≈≈..#
....≈≈#..#8###8#..#≈≈..#
.....≈≈##.###.###.##≈≈..#
####.≈≈ ... .......#≈≈..#
≈###.##+##.###≈≈..#
≈..#.#PgP#.#..≈≈..#
≈.##.g)@.g.##.≈≈..#
≈.#©.#P.P#..#.≈≈..#
≈.##.##)##.##.≈≈..#
≈..#.#P.P#.#...!..#
~.©#$'.©.+.#©.....#
≈..#.#8⌠8#g#......# ≈
#.#####.##.≈≈..# .
":W#..#.≈≈..# #
...#g##.≈≈..#


You could see 3 gnolls.

Vanquished Creatures
  An orc priest (D:3)
  2 gnolls (D:3)
  3 adders
  4 dart slugs
  3 orcs (D:3)
  5 ball pythons
  3 bats
  3 endoplasms
  A giant cockroach (D:2)
  2 goblins
  4 hobgoblins
  2 kobolds
  3 quokkas
  4 frilled lizards
  4 rats
44 creatures vanquished.

Vanquished Creatures (others)
  150 foxfires
150 creatures vanquished.

Grand Total: 194 creatures vanquished

Notes
Turn   | Place    | Note
-------+----------+-------------------------------------------
     0 | D:1      | anonymouscript the Djinni Fire Elementalist began the quest
                  | for the Orb.
     0 | D:1      | anonymouscript set off with the following spells memorised:
                  | Foxfire, Scorch, Conjure Flame, Inner Flame, Flame Wave.
     0 | D:1      | Reached XP level 1. HP: 15/15 MP: 0/0
    31 | D:1      | Found Verrisic's Jewellery Shoppe.
   515 | D:1      | Reached XP level 2. HP: 12/21 MP: 0/0
   641 | D:1      | Found a faded altar of an unknown god.
   647 | D:1      | Prayed at the altar of an unknown god.
   647 | D:1      | Became a worshipper of Fedhas Madash
   647 | D:1      | Reached * piety under Fedhas
   927 | D:1      | Reached skill level 3 in Spellcasting
   946 | D:1      | Reached XP level 3. HP: 21/25 MP: 0/0
   946 | D:1      | Learned a level 1 spell: Freeze
  2166 | D:2      | Reached XP level 4. HP: 25/31 MP: 0/0
  2259 | D:2      | Reached ** piety under Fedhas
  2619 | D:3      | Found an iron altar of Okawaru.
  2630 | D:3      | Reached skill level 1 in Fighting
  2633 | D:3      | Reached XP level 5. HP: 24/37 MP: 0/0
  2633 | D:3      | Learned a level 2 spell: Call Imp
  2800 | D:3      | Found a transporter.
  2810 | D:3      | Noticed SensoryNuts's ghost (amateur DsFi)
  2822 | D:3      | Found a transporter.
  2832 | D:3      | Slain by a gnoll

Illustrated notes

Levels and vault maps discovered:
D:1:      scummos_arrival_gate, layout_loops_ring,
          dreamdust_ecumenical_altar_statues, serial_shops, shop, hex_medium
D:2:      layout_basic
D:3:      cheibrodos_fertilizer, layout_rooms, okawaru_ov_weapons_minmay,
          gammafunk_ghost_gnarly_gnolls, serial_shops, shop_statue

Skill      XL: |  1  2  3  4 |
---------------+-------------+-----
Spellcasting   | 3 |  3.8
Stealth        | 2 |  2.2
Fighting       | 1 |  1.2
Dodging        | |  2.7

Action                   |  1- 3 |  4- 6 || total
-------------------------+-------+-------++-------
Melee: Unarmed           |     3 |     2 ||     5
       Punch             |     1 |       ||     1
 Cast: Foxfire           |    72 |    22 ||    94
       Scorch            |     2 |     3 ||     5
  Use: Potion            |       |     1 ||     1
Armor: Robe              |     2 |     2 ||     4
Dodge: Dodged            |     6 |    12 ||    18
